cohdb
Replays
Latest Replays
All Replays
Popular Replays
Top Player Replays
Match Explorer
How It Works
Community
CoH3 Stats
Reddit
Sign in to upload your games and track your stats! →
Sign in with Steam
Match 42087558
Unlisted
Match 42087558
Overview
Messages
Build Orders
End
Selects Italian Combined Arms Battlegroup
Selects Bersaglieri Squad
Bersaglieri Squad
Kradschützen Motorcycle Team
Bersaglieri Squad
Construct Light Support Kompanie
Bersaglieri Squad
Selects Bersaglieri Bolster
Fire Support Elements
Panzerjäger Mechanized Group
Flakvierling Half-track
Selects Breda Model 30 Light Machine Guns
[82AD] PaulVmax
A Chunky Chaffinch
Toxic Grandfather
CompanyOfHueta3
0
0
Comments
sign in to comment!
No comments posted yet!